Map: Arctic Gates

Players

MysticHunter

  • Race: Protoss Protoss
  • Spawn Location: 0:00

ILIEKEGGPIE

  • Race: Protoss Protoss
  • League: Platinum
  • Spawn Location: 9:00

Doctor

  • Race: Protoss Protoss
  • Spawn Location: 0:00

reloadwar

  • Race: Protoss Protoss
  • Spawn Location: 3:00

VOD

Have the link to the VOD?

Description

Time

  • Played on: April 20, 2018, 9:28 a.m.
  • Length: 1:41
Show
View Real Time Build Order
Export as new Build Order

MysticHunter Protoss 

Build Orders:  

Get SALT Encoding   

  12  0:03  Probe  
  13  0:15  Probe  
  14  0:22  Pylon  
  14  0:27  Probe  
  15  0:40  Probe  
  16  0:48  Gateway  
  16  0:52  Probe  
  16  0:53  Pylon  
  17  1:01  Probe  
  17  1:05  Assimilator  
  17  1:10  Probe  
  19  1:19  Probe  
  20  1:29  Pylon  
  21  1:37  Cybernetics Core  
Show
View Real Time Build Order
Export as new Build Order

ILIEKEGGPIE Protoss 

Build Orders:  

Get SALT Encoding   

  12  0:01  Probe  
  13  0:13  Probe  
  14  0:19  Pylon  
  14  0:25  Probe  
  15  0:37  Probe  
  15  0:40  Gateway  
  16  0:49  Probe  
  17  0:50  Assimilator  
  17  1:01  Probe  
  18  1:13  Probe, Pylon  
  20  1:40  Assimilator  
Show
View Real Time Build Order
Export as new Build Order

Doctor Protoss 

Build Orders:  

Get SALT Encoding   

  12  0:03  Probe  
  13  0:16  Probe  
  14  0:22  Pylon  
  14  0:28  Probe  
  15  0:40  Probe  
  15  0:42  Forge  
  16  1:02  Probe  
  17  1:07  Gateway  
  17  1:25  Pylon  
Show
View Real Time Build Order
Export as new Build Order

reloadwar Protoss 

Build Orders:  

Get SALT Encoding   

  12  0:02  Probe  
  13  0:19  Probe  
  14  0:30  Pylon  
  14  1:12  Pylon, Forge  
Tags
 
League
Platinum
Replay Pack
Multi
Add a new tag
Caveats
  • Supply blocks, unpowered buildings, or Contaminate may cause inaccurate times.
  • Supply counts are checked every 10 seconds.